 Dungeon Crawl Stone Soup version 0.25.0-10-g039870ee82 (webtiles) character file.

Game seed: 10204891199559713306

1005 Lavandula the Poker (level 8, -1/64 HPs)
             Began as a Naga Arcane Marksman on June 23, 2020.
             Slain by Edmund
             ... wielding a +1 vorpal dire flail
              (2 damage)
             ... on level 6 of the Dungeon.
             The game lasted 00:17:37 (4322 turns).

Lavandula the Poker (Naga Arcane Marksman)          Turns: 4322, Time: 00:17:38

Health: -1/64      AC:  4    Str: 12    XL:     8   Next: 20%
Magic:  11/14      EV: 10    Int: 16    God:
Gold:   178        SH:  0    Dex: 12    Spells: 4/15 levels left

rFire    . . .     SeeInvis +   b - +0 trident
rCold    . . .     Gourm    .   (no shield)
rNeg     + . .     Faith    .   e - +0 robe
rPois    +         Spirit   .   (no helmet)
rElec    .         Reflect  .   p - +0 cloak (curse)
rCorr    .         Harm     .   (no gloves)
MR       +....                  (no barding)
Stlth    +.........             (no amulet)
HPRegen  0.20/turn              n - ring of positive energy
MPRegen  0.14/turn              (no ring)

@: stab, very slightly contaminated, lightly drained, very slow
A: large, see invisible, deformed body, poison resistance, slowness 2, slow
metabolism 1, spit poison 1, subdued magic 1, AC +2
a: Spit Poison


You were on level 6 of the Dungeon.
You were not hungry.

You visited 2 branches of the dungeon, and saw 8 of its levels.

You collected 206 gold pieces.
You spent 28 gold pieces at shops.

Inventory:

Hand Weapons
 a - a +0 hand crossbow
 b - a +0 trident (weapon)
 d - a +1 vorpal spear
Missiles
 m - 10 poisoned darts (quivered)
Armour
 e - a +0 robe (worn)
 j - a +0 ring mail
 p - a cursed +0 cloak (worn)
Jewellery
 c - a cursed -4 ring of dexterity {unknown}
 n - a ring of positive energy (left hand)
 s - an uncursed ring of positive energy
Scrolls
 g - 3 scrolls of remove curse
 h - 4 scrolls of teleportation
 i - a scroll of enchant armour
 k - a scroll of fear {unknown}
 l - a scroll of amnesia {unknown}
 o - a scroll of enchant weapon {unknown}
 r - a scroll of immolation {unknown}
 t - a scroll of magic mapping {unknown}
 v - a scroll of blinking {unknown}
Potions
 w - 3 potions of haste {unknown}
Comestibles
 f - 6 rations
 x - 2 chunks of flesh


   Skills:
 - Level 1.0(0.7) Fighting
 + Level 6.2(5.9) Polearms
 - Level 4.2(3.9) Crossbows
 - Level 1.5(1.3) Dodging
 - Level 4.1(3.8) Spellcasting
 - Level 3.8(3.5) Hexes


You had 4 spell levels left.
You knew the following spells:

 Your Spells              Type           Power        Failure   Level  Hunger
a - Corona                Hex            ##.....      3%          1    None
b - Portal Projectile     Hex/Tloc       #.....       21%         3    ###....
c - Cause Fear            Hex            ##........   32%         4    ####...
d - Dazzling Flash        Conj/Hex       #.....       21%         3    ###....

Your spell library contained the following spells:

 Spells                   Type           Power        Failure   Level  Hunger
 Slow                     Hex            ##......     4%          2    ##.....
 Confusing Touch          Hex            ##......     10%         3    ###....
 Magic Dart               Conj           #...         14%         1    None
 Inner Flame              Hex/Fire       #.......     21%         3    ###....
 Searing Ray              Conj           #.....       22%         2    ##.....
 Gell's Gravitas          Tloc           #.........   41%         3    ###....
 Fulminant Prism          Conj/Hex       #.........   58%         4    ####...
 Leda's Liquefaction      Hex/Erth       #.........   58%         4    ####...
 Iskenderun's Mystic Bla  Conj/Tloc      #.......     83%         4    ####...
 Petrify                  Tmut/Erth      #.......     83%         4    ####...
 Metabolic Englaciation   Hex/Ice        #.........   90%         5    ######.
 Yara's Violent Unravell  Hex/Tmut       #.........   90%         5    ######.


Dungeon Overview and Level Annotations

Branches:
Dungeon (7/15)             Temple (1/1) D:5

Altars:
Ashenzari
Fedhas
Sif Muna
Trog
Uskayaw
Wu Jian
Xom
Yredelemnul

Shops:
D:5 *=(

Annotations:
D:6 Edmund


Innate Abilities, Weirdness & Mutations

You cannot wear boots.
Your serpentine skin is tough. (AC +2)
You have supernaturally acute eyesight. (SInv)
Armour fits poorly on your strangely shaped body.
Your system is resistant to poisons. (rPois)
You cover ground very slowly.
You have a slow metabolism.
You can spit poison.
Your spells are a little easier to cast, but a little less powerful.


Message History

* * * LOW HITPOINT WARNING * * *
x2 Unknown command.
The helpless Edmund fails to defend himself.
You puncture Edmund!
Edmund is almost dead.
Unknown command.
Attack whom?
Press: ? - help, Dir - move target cursor, f/p - Edmund
Aim: Edmund, wielding a +1 vorpal dire flail and wearing a +0 chain mail (almost dead, blind)
You reach to attack!
The helpless Edmund fails to defend himself.
You hit Edmund.
Edmund is almost dead.
The helpless Edmund fails to defend himself.
You hit Edmund but do no damage.
Edmund is almost dead.
Edmund is no longer blind.
Edmund hits you with a +1 vorpal dire flail!
* * * LOW HITPOINT WARNING * * *
You die...

#...# ##..## ..
#####..## #( #......#
###.### #....#.#
..... #....#.# ....
#......# .(#
#####..## #@## #.
##).# #@.# #.. #..#
##.###..# #..#
##......# #).##
##..##..## #÷..#
##........## ##.#.#
#..(.......#
#..#.####..........#
#
#.##.).###....(...##
#
#.####...#.†>.....###
#


You could see Edmund.

Vanquished Creatures
  An ice beast (D:5)
  2 ogres (D:5)
  2 centaurs (D:6)
  A wight (D:6)
  2 crimson imps (D:5)
  2 hounds (D:4)
  An orc wizard (D:4)
  An iguana (D:5)
  4 worker ants
  Terence (D:3)
  A hound skeleton (D:5)
  5 gnolls (D:6)
  7 adders
  2 oozes (D:1)
  3 worms
  7 leopard geckos
  17 orcs
  A ball python (D:6)
  2 giant cockroaches
  5 goblins
  6 hobgoblins
  15 jackals
  3 quokkas
  A bat (D:3)
  3 frilled lizards
  7 kobolds
  A leopard gecko skeleton (D:5)
  4 rats
107 creatures vanquished.

Notes
Turn   | Place    | Note
-------+----------+-------------------------------------------
     0 | D:1      | Lavandula the Naga Arcane Marksman began the quest for the
                  | Orb.
     0 | D:1      | Reached XP level 1. HP: 18/18 MP: 2/2
    86 | D:1      | Reached XP level 2. HP: 19/25 MP: 0/3
   456 | D:2      | Reached XP level 3. HP: 31/31 MP: 2/4
   461 | D:2      | Learned a level 3 spell: Portal Projectile
   872 | D:3      | Reached XP level 4. HP: 38/38 MP: 5/5
   884 | D:3      | Noticed Terence
   890 | D:3      | Killed Terence
   961 | D:4      | Reached XP level 5. HP: 29/44 MP: 4/7
  1003 | D:5      | Entered Level 5 of the Dungeon
  1003 | D:5      | Noticed an ogre
  1127 | D:4      | Noticed a phantom
  1404 | D:4      | Found an ornate altar of the Wu Jian Council.
  1455 | D:4      | Reached XP level 6. HP: 40/51 MP: 9/11
  1507 | D:4      | Found a shattered altar of Ashenzari.
  1540 | D:4      | Gained mutation: Your spells are a little easier to cast,
                  | but a little less powerful. [potion of mutation]
  1762 | D:4      | Found a bloodstained altar of Trog.
  2103 | D:3      | Reached skill level 1 in Polearms
  2175 | D:3      | Learned a level 4 spell: Cause Fear
  2305 | D:5      | Learned a level 3 spell: Dazzling Flash
  2361 | D:5      | Reached XP level 7. HP: 37/57 MP: 13/13
  2386 | D:5      | Found a staircase to the Ecumenical Temple.
  2397 | Temple   | Entered the Ecumenical Temple
  2489 | D:5      | Reached skill level 3 in Polearms
  2490 | D:5      | Found Ajoukk's Weapon Emporium.
  2743 | D:5      | Found Teeg Mej's General Store.
  2751 | D:5      | Bought a scroll of identify for 28 gold pieces
  2805 | D:5      | Found Futufusk's Jewellery Shoppe.
  2976 | D:5      | Reached skill level 4 in Polearms
  3362 | D:6      | Reached skill level 5 in Polearms
  3363 | D:6      | Found a hide-covered altar of Uskayaw.
  3686 | D:6      | Reached XP level 8. HP: 20/64 MP: 14/14
  4118 | D:6      | Reached skill level 6 in Polearms
  4251 | D:6      | Noticed Edmund
  4322 | D:6      | HP: 1/64 [Edmund/+1 vorpal dire flail (7)]
  4322 | D:6      | Slain by Edmund

Illustrated notes

Levels and vault maps discovered:
D:1:      scummos_arrival_simple_crosswalls, layout_loops_ring,
          hangedman_decor_slide_cut
D:2:      layout_basic
D:3:      layout_loops_ring, uniq_terence
D:4:      layout_cave_pools, kennysheep_mini, lemuel_crystal_altar,
          lemuel_round_altar, first_ration
D:5:      layout_basic, minmay_temple_entry_stoned_glass, serial_shops,
          nicolae_shop_waterfront, nicolae_shop_statue_plus, shop, shop, shop
D:6:      layout_rooms, grunt_gozag_breadcrumbs, old_standard_altar,
          lemuel_coloured_pillars_altar, tso_altar, st_stairs_5, uniq_edmund
D:7:      layout_cave_pools, serial_shops, shop, serial_park,
          serial_park_avenue1, serial_park_square2, serial_park_tiny_2,
          grunt_ogre_cave, uniq_prince_ribbit1, uniq_maggie, uniq_joseph
Temple:   jpeg_temple_alley_garden

Skill      XL: |  1  2  3  4  5  6  7  8 |
---------------+-------------------------+-----
Crossbows      | 2 3 4 |  4.2
Spellcasting   | 3 4 |  4.1
Polearms       | 1 5 6 |  6.2
Fighting       | |  1.0
Dodging        | |  1.5
Hexes          | |  3.8

Action                   |  1- 3 |  4- 6 |  7- 9 || total
-------------------------+-------+-------+-------++-------
Melee: Trident           |       |    63 |   101 ||   164
       Unarmed           |       |    25 |       ||    25
       Spear             |       |       |    11 ||    11
 Fire: Hand crossbow     |    53 |    56 |    20 ||   129
Throw: Dart              |       |    27 |     8 ||    35
 Cast: Corona            |     5 |    13 |     6 ||    24
       Portal Projectile |       |     1 |       ||     1
       Dazzling Flash    |       |       |     4 ||     4
 Abil: Spit Poison       |    12 |    35 |    17 ||    64
  Use: Potion            |       |     4 |     1 ||     5
       Scroll            |       |       |     4 ||     4
 Stab: Sleeping          |       |       |     3 ||     3
       Invisible         |       |       |     2 ||     2
  Eat: Chunk             |       |     3 |     6 ||     9
       Ration            |       |     1 |       ||     1
Armor: Robe              |     5 |    35 |    60 ||   100
Dodge: Dodged            |    12 |    81 |    90 ||   183
